 Dungeon Crawl Stone Soup version 0.21.0-22-g11d5b52 (webtiles) character file.

171 Chram the Chopper (level 5, -4/34 HPs)
             Began as a Demonspawn Gladiator on Jan 18, 2018.
             Was a Follower of Qazlal.
             Slain by Sigmund
             ... wielding a +0 scythe
              (6 damage)
             ... on level 4 of the Dungeon.
             The game lasted 00:05:04 (3054 turns).

Chram the Chopper (Demonspawn Gladiator)            Turns: 3054, Time: 00:05:05

Health: -4/34      AC:  7    Str: 15    XL:     5   Next: 26%
Magic:  6/6        EV: 12    Int:  9    God:    Qazlal [*.....]
Gold:   137        SH:  2    Dex: 15    Spells: 4/4 levels left

rFire    . . .     SeeInvis .   u - +1 hand axe (chop)
rCold    . . .     Gourm    .   (no shield)
rNeg     . . .     Faith    .   m - +0 ring mail (curse)
rPois    .         Spirit   .   (helmet restricted)
rElec    .         Reflect  .   r - +0 cloak
rCorr    .         Harm     .   (no gloves)
MR       .....     Rnd*Rage +   (no boots)
Stlth    +.........             (no amulet)
HPRegen  0.11/turn              (no ring)
MPRegen  0.10/turn              (no ring)

@: flying
A: antennae 1, claws 2, berserk 1, demonic guardian 1, frail 1, shaggy fur 1
a: Renounce Religion


You were on level 4 of the Dungeon.
You worshipped Qazlal.
Qazlal was aware of your devotion.
You were very hungry.

You visited 1 branch of the dungeon, and saw 4 of its levels.

You collected 137 gold pieces.

Inventory:

Hand Weapons
 a - a +0 war axe
 u - a +1 hand axe of chopping (weapon)
Missiles
 d - 3 throwing nets (quivered)
Armour
 b - a +0 leather armour
 c - a +0 helmet
 m - a cursed +0 ring mail (worn)
 r - a +0 cloak (worn)
Scrolls
 e - 6 scrolls of identify {unknown}
 g - a scroll of blinking {unknown}
 i - a scroll of random uselessness {unknown}
 k - 2 scrolls of amnesia {unknown}
 l - 2 scrolls of enchant weapon {unknown}
 o - a scroll of teleportation {unknown}
 p - a scroll of noise {unknown}
 s - a scroll of remove curse {unknown}
 t - a scroll of fear {unknown}
Potions
 h - 2 potions of flight
 n - a potion of haste {unknown}
 q - a potion of might {unknown}
Comestibles
 f - 5 rations


   Skills:
 + Level 2.3 Fighting
 * Level 5.0 Axes
 - Level 1.7 Throwing
 + Level 0.9 Armour
 + Level 2.8 Dodging
 * Level 1.4 Invocations


You had 4 spell levels left.
You didn't know any spells.

Dungeon Overview and Level Annotations

Branches:
Dungeon (4/15)
 Temple: D:4-7

Altars:
Qazlal
Trog

Annotations:
D:4 Grinder; Sigmund; isock's ghost, amateur GnWn


Innate Abilities, Weirdness & Mutations

You have a pair of small antennae on your head.
You have very sharp fingernails.
A weak demonic guardian rushes to your aid.
You tend to lose your temper in combat.
You are frail. (-10% HP)
You are covered in fur. (AC +1)


Message History

You completely miss your quasit. You hit something.
Something hits you but does no damage.
Unknown command.
You bump into the stone wall.
You barely miss something. Something barely misses you.
You feel less confused. Something hits you!
* * * LOW HITPOINT WARNING * * *
Your quasit barely misses something.
Your quasit claws something.
Your quasit misses something.
Unknown command.
It was a potion of flight.
You feel very buoyant.
You fly up into the air.
Your quasit barely misses something.
Your quasit completely misses something.
Your quasit barely misses something.
It was a potion of mutation.
You feel extremely strange.
You feel a little pissed off.
You feel frail. Fur sprouts all over your body. Something hits you.
You die...

#..## #.##.# ...#
#.##.# ##.##
##.##.# #.#
#.....####.#
#.####..........#
#...........#####
###...5..#
#....{ยง######
#####@.......
##.###### .# ..
.## .# .# .#


You could see a friendly quasit.

Vanquished Creatures
  A worker ant (D:3)
  4 adders
  3 oozes
  4 worms
  3 leopard geckos
  An orc (D:3)
  8 bats
  3 giant cockroaches
  4 goblins
  7 hobgoblins
  16 jackals
  5 kobolds
  3 quokkas
  3 ball pythons
  2 frilled lizards
  11 rats
78 creatures vanquished.

Notes
Turn   | Place    | Note
-------+----------+-------------------------------------------
     0 | D:1      | Chram the Demonspawn Gladiator began the quest for the Orb.
     0 | D:1      | Reached XP level 1. HP: 16/16 MP: 1/1
    44 | D:1      | Reached skill level 3 in Axes
   110 | D:1      | Gained mutation: A weak demonic guardian rushes to your aid. [demonic ancestry]
   110 | D:1      | Reached XP level 2. HP: 17/22 MP: 2/2
   611 | D:1      | Gained mutation: You have sharp fingernails. [demonic ancestry]
   611 | D:1      | Reached XP level 3. HP: 26/27 MP: 3/3
   886 | D:2      | Reached skill level 4 in Axes
   944 | D:2      | Found a stormy altar of Qazlal.
   972 | D:2      | Became a worshipper of Qazlal Stormbringer
  1602 | D:2      | Gained mutation: You have a pair of small antennae on your head. [demonic ancestry]
  1602 | D:2      | Reached XP level 4. HP: 31/33 MP: 4/4
  1770 | D:3      | Noticed a moth of wrath
  1774 | D:3      | Found a bloodstained altar of Trog.
  2014 | D:3      | Reached * piety under Qazlal
  2248 | D:3      | Reached skill level 1 in Invocations
  2321 | D:4      | Gained mutation: You have very sharp fingernails. [demonic ancestry]
  2321 | D:4      | Reached XP level 5. HP: 30/38 MP: 5/5
  2432 | D:4      | Noticed Grinder
  2438 | D:4      | Noticed isock's ghost (amateur GnWn)
  2443 | D:4      | HP: 1/38 [Grinder (5)]
  2754 | D:3      | Reached skill level 5 in Axes
  3039 | D:4      | Noticed Sigmund
  3054 | D:4      | Gained mutation: You tend to lose your temper in combat. [potion of mutation]
  3054 | D:4      | Gained mutation: You are frail. (-10% HP) [potion of mutation]
  3054 | D:4      | Gained mutation: You are covered in fur. (AC +1) [potion of mutation]
  3054 | D:4      | Slain by Sigmund

Skill      XL: |  1  2  3  4  5 |
---------------+----------------+-----
Axes           | 3 4 5 |  5.0
Invocations    | 1 |  1.4
Fighting       | |  2.3
Throwing       | |  1.7
Armour         | |  0.9
Dodging        | |  2.8

Action                   |  1- 3 |  4- 6 || total
-------------------------+-------+-------++-------
Melee: War axe           |   151 |    62 ||   213
       Hand axe          |       |    53 ||    53
  Use: Potion            |       |     2 ||     2
  Eat: Chunk             |     2 |     4 ||     6
Armor: Leather armour    |    33 |       ||    33
       Ring mail         |    32 |    42 ||    74
Dodge: Dodged            |   139 |    71 ||   210
Block: Other             |       |     4 ||     4
